← All builds
Tech / Armada / Economy first / OBSERVED BUILD

Sharpshooter snipers

Armada Tech (Eco) build order · Supreme Isthmus

Standard T2 rush into an early Sharpshooter-led sniper bot push around 8:10-8:38, pairing T2 constructor support for Geo with sniper bots fighting at the middle rather than just economy scaling.

Usually first T2 con to Geo (81%)

#t2 #raid · 99 distinct matches · 51 players · 3% of Armada Tech games · team won 27% of 100 · Recently observed

THE CATCH, AND WHAT COMES WITH IT
  • SharpshooterT2 bot snipers from 8:11 · 6% of role by thenFrom the Advanced Bot Lab. Only 6% of Tech games have it by then; others who build it get it around 9:07

Where those units first fight, in 98 games with kill data: in the middle 55%, on their own side 45%.

Those units destroy a typical 1,393 metal of enemy units by 15:00.

Then transitions into anti-nuke (13% of army).

HOW TO PLAY IT

Key timing: Sharpshooter out by 9:04

  1. Open standard T2 rush with Bot Lab first.
  2. Finish Advanced Bot Lab on the normal T2 timing.
  3. Upgrade mex as usual while eco scales.
  4. Push Sharpshooter snipers from Advanced Bot Lab to fight forward in middle.
  5. Keep producing T2 cons and anti-nuke for the team.

Phase by phase

TYPICAL OF ITS 99 GAMES · AGAINST STANDARD TECH
  1. 1
  2. 2
  3. 3
  4. 4
  5. 5
PLAY THE OPENING

Follow the example game's first 9:11 step by step: what to build now, what comes next, and where it goes. At 1× it keeps pace with your own game.

  1. 1

    Up to the Bot Lab

    Economy
    • Metal Extractor3Mex
    • Wind Turbine4Wind
    Order
    1. Bot LabBot Lab after 3 mex, 4 winddone ~1:17, middle half 1:13–1:38

    Some games also: energy storage (37%)

    By 1:00 in all: 3 mex · 4 wind

    The example game in this phase · 3 steps
    1. Mex ×3
    2. Wind ×4
    3. Bot LabBot Labdone 1:17 · typical 1:17
  2. 2

    Bot Lab to Advanced Bot Lab

    Economy
    • Metal Extractor1Mex
    • Wind Turbine9Wind
    • Energy Storage1Energy storage
    Order
    1. Advanced Bot LabAdvanced Bot Lab after 4 mex, 13 wind, 3 con turretdone ~4:18, middle half 4:08–4:33
    Builders
    • Construction Turret3 Con turret
    • Lazarus3 Lazarus
    • Construction Bot2 Con bot
    • Construction Bot1 Con bot for allies

    Some games also: converter (43%)

    By 3:22 in all: 4 mex · 13 wind · 1 energy storage · 3 con turret

    The example game in this phase · 15 steps
    1. LazarusLazarus
    2. Wind ×3
    3. Construction BotCon bot
    4. Wind
    5. LazarusLazarus
    6. Wind ×2
    7. LazarusLazarus
    8. Construction BotCon bot
    9. Construction BotCon botfor Air
    10. Mex
    11. Con turret
    12. Energy storage
    13. Con turret
    14. Bot LabEat Bot Labreclaimed for its metal
    15. Advanced Bot LabAdvanced Bot Labdone 4:06 · typical 4:18
  3. 3

    Advanced Bot Lab to 5:00

    Economy
    • Wind Turbine1Wind−2 vs standard
    Order
    1. Bot LabEat Bot Lab
    Builders
    • Advanced Construction Bot1 T2 con bot for allies

    Some games also: converter (43%)

    By 5:00 in all: 4 mex · 15 wind · 2 converter · 1 energy storage · 3 con turret

    The example game in this phase · 7 steps
    1. Advanced Construction BotT2 con botfor Air
    2. Converter
    3. FatboyFatboyfor Ponddone 5:35
    4. Converter
    5. Advanced Metal ExtractorT2 mexdone 6:18 · typical 5:17
    6. Converter ×2
    7. Wind
  4. 4

    5:00 to T2 bot snipers

    Economy
    • Wind Turbine16Wind+5 vs standard
    • Energy Converter1Converter
    Order
    1. SharpshooterT2 bot snipers after 4 mex, 32 wind, 5 converterdone ~8:39, middle half 7:41–9:48
    Builders
    • Butler4 Butler
    • Advanced Construction Bot3 T2 con bot for allies

    Some games also: T2 con bot (36%)

    By 8:10 in all: 4 mex · 32 wind · 5 converter (standard 3) · 1 energy storage · 3 con turret

    The example game in this phase · 59 steps
    1. Wind ×6
    2. SmugglerJammer botfor Pond
    3. Advanced Construction BotT2 con bot
    4. Wind ×2
    5. Con turret
    6. Advanced Construction BotT2 con botfor Pond
    7. Advanced Metal ExtractorT2 mex
    8. Con turret
    9. ButlerButler ×2
    10. Advanced Metal ExtractorT2 mex
    11. Wind
    12. ButlerButler
    13. Wind
    14. ButlerButler
    15. Wind
    16. ButlerButler
    17. Advanced Metal ExtractorT2 mex
    18. Advanced Construction BotT2 con botfor Geo sea
    19. Wind ×3
    20. ButlerButler
    21. Wind ×3
    22. ButlerButler
    23. Wind ×2
    24. Converter
    25. Wind ×3
    26. Converter
    27. ButlerButler
    28. Wind ×3
    29. Converter
    30. ButlerButler
    31. Wind ×3
    32. ButlerButler
    33. Converter
    34. Wind ×2
    35. ButlerButler
    36. Wind ×3
    37. Converter
    38. ButlerButler
    39. Wind ×2
    40. ButlerButler
    41. Wind
    42. Converter
    43. Wind ×3
    44. ButlerButler
    45. Wind
    46. Converter
    47. Wind ×4
    48. Converter
    49. Wind ×4
    50. Converter
    51. Wind ×4
    52. Converter
    53. Wind ×9
    54. Converter
    55. Wind ×9
    56. CitadelAnti-nukedone 13:25
    57. Converter
    58. Wind ×3
    59. SharpshooterSniper botdone 10:35 · typical 8:39
  5. 5

    T2 bot snipers to 10:00

    Economy
    • Wind Turbine19Wind−11 vs standard
    Army
    • Sharpshooter1 Sniper bot

    Some games also: converter (48%) · Butler (45%) · T2 con bot for allies (42%)

    The standard build makes here, this one skips: 4 converter · 5 Butler

    By 10:00 in all: 4 mex · 54 wind · 8 converter · 1 energy storage · 3 con turret

    The example game in this phase · 123 steps
    1. Wind ×2
    2. Converter
    3. Wind ×10
    4. Converter
    5. Wind ×4
    6. Converter
    7. Wind
    8. Converter
    9. Wind ×4
    10. Converter
    11. SharpshooterSniper bot
    12. Wind ×3
    13. Converter
    14. Wind ×7
    15. Converter
    16. Wind ×6
    17. Converter
    18. Wind ×4
    19. SmugglerJammer bot
    20. Wind ×3
    21. Converter
    22. Wind ×5
    23. Converter
    24. Wind ×7
    25. Converter
    26. Wind ×5
    27. Converter
    28. Wind ×5
    29. Converter
    30. Wind ×5
    31. Converter
    32. Advanced Bot LabEat Advanced Bot Labreclaimed for its metal
    33. Wind ×5
    34. Converter
    35. Wind ×3
    36. Converter
    37. Wind ×6
    38. Converter
    39. Wind ×5
    40. Converter
    41. Wind ×3
    42. Metal storage
    43. Wind ×3
    44. Converter
    45. Wind ×3
    46. Con turret
    47. Wind ×3
    48. Converter
    49. Wind ×2
    50. Con turret
    51. Wind ×4
    52. Converter
    53. Wind
    54. Con turret
    55. Wind ×4
    56. Converter
    57. Wind ×3
    58. Converter
    59. Wind
    60. Converter
    61. Wind ×3
    62. Converter
    63. Wind ×3
    64. Converter
    65. Wind ×5
    66. Converter
    67. Wind ×5
    68. Converter
    69. Wind ×5
    70. Converter
    71. Wind ×3
    72. Advanced Bot LabAdvanced Bot Labdone 13:39
    73. Wind ×2
    74. Converter
    75. Wind ×5
    76. Converter
    77. Wind ×7
    78. Converter
    79. Wind ×6
    80. Converter
    81. SprinterSprinter
    82. Wind ×2
    83. SprinterSprinter
    84. Wind ×3
    85. SprinterSprinter
    86. Wind
    87. Converter
    88. Wind
    89. SprinterSprinter
    90. TracerTracer
    91. Wind ×3
    92. Converter
    93. SprinterSprinter
    94. Wind ×2
    95. SprinterSprinter
    96. Wind
    97. Converter
    98. Wind ×2
    99. SprinterSprinter
    100. Wind
    101. Converter
    102. Wind
    103. SprinterSprinter
    104. Converter
    105. Wind ×3
    106. SprinterSprinter
    107. Wind ×2
    108. Converter
    109. Wind
    110. SprinterSprinter
    111. Wind ×4
    112. Converter
    113. Wind ×6
    114. Converter
    115. Wind ×5
    116. Converter
    117. Wind
    118. Fusion ReactorFusionnot finished by 15:00
    119. Wind ×6
    120. Converter
    121. Wind ×3
    122. JunoJuno
    123. Wind ×5

Counts are medians over the build's games: half of them build more, half fewer. The example game is LLT's (33 OS, 13/09/2026); pick another.

Team trades

IN AT LEAST 30% OF ITS GAMES

You hand over

  • Construction Bot1 Con bot to Airfirst at 2:24 · in 89% of games
  • Advanced Construction Bot5 T2 con bot to Geo sea or Air or Pondfirst at 4:59 · in 100% of games
  • Butler2 Butler to Geo sea or Beach seafirst at 10:30 · in 36% of games

You get

  • Hercules2 Light transport from Airfirst at 4:04 · in 88% of games

How it plays out

Typical game of this build against the role’s standard build, running totals by minute

  • This build
  • Standard tech

Metal produced

020k40k
0:005:0010:0015:00

metal

Enemy metal destroyed

01k2k3k
0:005:0010:0015:00

metal

Own metal lost

05001k
0:005:0010:0015:00

metal

100 games.

Show as table
ByMetal produced: This buildMetal produced: Standard techEnemy metal destroyed: This buildEnemy metal destroyed: Standard techOwn metal lost: This buildOwn metal lost: Standard tech
1:003833830000
2:009139150000
3:00160416530000
4:00309831440000
5:00487048460000
6:00595658020000
7:00752072300000
8:00930690670000
9:0011455111840000
10:001380213526179000
11:0016263162436490690
12:001900819668101401300
13:002228123454151203280
14:0026270273241782068074
15:0030092315262481104910130
WHAT THE NUMBERS SAY

Won far less often than the standard build, losing a lot more metal for only a modest gain in enemy metal destroyed.

  • + Enemy metal destroyed by 15:00 well above standard (2598 vs 262).
  • − Team win rate collapses to 21% vs standard's 53%.
  • − Own metal lost by 15:00 far exceeds standard (1360 vs 196).
THE EXAMPLE YOU ARE READING

LLT

33.4 OS · 13/09/2026

Open source match ↗

1 received units
4777 metal received · 85148 energy received

Allied construction assistance is unknown. Timings are observations, not a promise of solo reproducibility.

Typical milestones

Bot Lab1:17Middle 50%: 1:13–1:38 · n=100
Advanced Bot Lab4:18Middle 50%: 4:08–4:33 · n=100
Advanced Metal Extractor5:17Middle 50%: 4:57–5:41 · n=100
Sharpshooter8:39Middle 50%: 7:41–9:48 · n=100

Played most by

Amrissa15games of this buildDRM6games of this buildTheGeneraI5games of this buildenderOS14games of this buildKontraption4games of this build